 Dungeon Crawl Stone Soup version 0.29.1-12-g30fa7ad0bf (webtiles) character file.

Game seed: 5038817320840513498

48566 kingsuperguy the Stickfighter (level 15, 0/139 HPs)
             Began as a Meteoran Fighter on Dec 14, 2022.
             Was an Elder of Ashenzari.
             Shot with an arrow by a naga sharpshooter (9 damage)
             ... on level 2 of the Snake Pit.
             The game lasted 00:52:05 (7198 turns).

kingsuperguy the Stickfighter (Meteoran Fighter)    Turns: 7198, Time: 00:52:05

Health: 0/139      AC: 20    Str: 24    XL:     15   Next: 27%
Magic:  0/34       EV: 14    Int: 14    God:    Ashenzari [****..]
Gold:   629        SH:  0    Dex: 15    Spells: 38/43 levels left

rFire   . . .      SeeInvis +   p - +7 staff of the Meek {protect, meekguard, Evo, Alch} (curse)
rCold   . . .      Faith    .   (shield currently unavailable)
rNeg    . . .      Spirit   +   m - +0 plate armour of Supernal Understanding {Cun, Range} (curse)
rPois   .          Reflect  .   W - +1 helmet "Revealing Paranoia" {Int+3, Bglg, Self} (curse)
rElec   .          Harm     .   i - +0 cloak of Cremastomancy {Elem, Bglg} (curse)
rCorr   .          Rampage  .   (no gloves)
Will    +....      Clarity  +   e - +0 pair of boots "Sibylline Chagrin" {Comp, Melee} (curse)
Stlth   ..........              g - amulet of guardian spirit
HPRegen 0.33/turn               y - ring "Share My Abstinence" {EV+4, Comp, Self} (curse)
MPRegen 0.24/turn               R - +4 ring of slaying

@: mighty, glowing
A: sense surroundings 2, otherworldly, glowing, explore regen
a: Renounce Religion, Curse Item, Shatter the Chains


You were on level 2 of the Snake Pit.
You worshipped Ashenzari.
Ashenzari was greatly pleased with you.
You visited 3 branches of the dungeon, and saw 16 of its levels.
You also visited: Ossuary, Bailey and Gauntlet.

You collected 629 gold pieces.

Inventory:

Hand Weapons
 p - the cursed +7 staff of the Meek (weapon) {protect, meekguard, Evo, Alch}
   (You found it on level 4 of the Dungeon)

   It grants its wielder temporary protection when it strikes (+7 to AC).
   It provides extra protection to wielders with little health.
   It has a curse which improves the following skills: Evocations: Evocations.
   Alchemy:   Poison Magic and Transmutations.
 x - a +0 flail of protection
 C - the +1 quarterstaff of Excruciating Pain {vorpal, rC+}
   (You found it on level 7 of the Dungeon)

   It inflicts extra damage upon your enemies.
   rC:        It protects you from cold.
 D - a +3 morningstar
 V - a +3 vorpal dire flail
Missiles
 O - 11 poisoned darts (quivered)
Armour
 c - a +0 buckler
 e - the cursed +0 pair of boots "Sibylline Chagrin" (worn) {Comp, Melee}
   (You found it on level 1 of the Dungeon)

   It has a curse which improves the following skills: Companions: Summonings
   and Necromancy.
   Melee Combat: Short Blades, Long Blades, Axes, Maces & Flails, Polearms,
   Staves and Unarmed Combat.
 i - the cursed +0 cloak of Cremastomancy (worn) {Elem, Bglg}
   (You found it on level 2 of the Dungeon)

   It has a curse which improves the following skills: Elements: Fire Magic, Ice
   Magic, Air Magic and Earth Magic.
   Beguiling: Conjurations, Hexes and Translocations.
 l - a +0 robe of resistance
 m - the cursed +0 plate armour of Supernal Understanding (worn) {Cun, Range}
   (You found it on level 3 of the Dungeon)

   It has a curse which improves the following skills: Cunning: Dodging and
   Stealth.
   Ranged Combat: Ranged Weapons and Throwing.
 F - a scarf of resistance
 H - a +0 helmet
 J - a +2 ring mail of fire resistance
 W - the cursed +1 helmet "Revealing Paranoia" (worn) {Int+3, Bglg, Self}
   (You found it in a Gauntlet)

   It has a curse which improves the following skills: Beguiling: Conjurations,
   Hexes and Translocations.
   Introspection: Fighting and Spellcasting.
 X - the +5 ring mail of Viahuf {rF- Regen+ Str+6}
   (You found it in a Gauntlet)

   Str:       It affects your strength (+6).
   rF:        It makes you vulnerable to fire.
   Regen:     It increases your rate of health regeneration.
Magical Staves
 M - a staff of conjuration
Jewellery
 g - an amulet of guardian spirit (around neck)
 y - the cursed ring "Share My Abstinence" (left hand) {EV+4, Comp, Self}
   (You found it on level 5 of the Dungeon)

   [ring of evasion]

   EV:        It affects your evasion (+4).
   It has a curse which improves the following skills: Companions: Summonings
   and Necromancy.
   Introspection: Fighting and Spellcasting.
 P - a ring of ice
 R - a +4 ring of slaying (right hand)
 S - a +6 ring of strength
 U - a +6 ring of intelligence
Wands
 a - a wand of flame (8)
 v - a wand of polymorph (27)
 I - a wand of paralysis (8)
 T - a wand of roots (3)
 Y - a wand of light (3)
Scrolls
 b - a scroll of fear
 f - 6 scrolls of butterflies
 h - a scroll of torment
 n - 2 scrolls of brand weapon
 s - a scroll of amnesia
 A - 2 scrolls of enchant weapon
 K - a scroll of enchant armour
 Q - a scroll of silence
Potions
 r - a potion of might
 t - 2 potions of flight
 u - 2 potions of brilliance
 z - a potion of haste
 B - 2 potions of cancellation
 G - 2 potions of resistance
 N - a potion of invisibility
Miscellaneous
 Z - a lightning rod (4/4)


   Skills:
 * Level 11.7(14.6) Fighting
 + Level 5.2(13.3) Maces & Flails
 * Level 16.0(18.0) Staves
 + Level 0.2(0.7) Throwing
 + Level 11.6 Armour
 + Level 4.5(6.4) Dodging
 - Level 0.1(0.3) Stealth
 - Level 4.6 Shields
 + Level 0.4(1.2) Unarmed Combat
 * Level 11.9(14.8) Spellcasting
 - Level 9.6(12.6) Summonings
 + Level 2.7(4.3) Transmutations
 * Level 6.4(8.4) Poison Magic
 + Level 0.6(1.5) Evocations


You had 38 spell levels left.
You knew the following spells:

 Your Spells              Type           Power      Damage    Failure   Level
a - Call Imp              Summ           45%        N/A       1%          2
b - Call Canine Familiar  Summ           45%        N/A       1%          3

Your spell library contained the following spells:

 Spells                   Type           Power      Damage    Failure   Level
 Summon Guardian Golem    Hex/Summ       28%        N/A       13%         3
 Spider Form              Tmut/Pois      28%        N/A       14%         3
 Magic Dart               Conj           44%        1d5       47%         1
 Mephitic Cloud           Conj/Pois/Air  18%        N/A       50%         3
 Ensorcelled Hibernation  Hex/Ice        22%        N/A       63%         2
 Alistair's Intoxication  Tmut/Pois      18%        N/A       77%         5
 Portal Projectile        Hex/Tloc       22%        N/A       85%         3
 Anguish                  Hex/Necr       5%         N/A       99%         4
 Leda's Liquefaction      Hex/Erth       5%         N/A       99%         4
 Borgnjor's Vile Clutch   Necr/Erth      5%         N/A       100%        5
 Eringya's Noxious Bog    Tmut/Pois      14%        N/A       100%        6
 Orb of Destruction       Conj           5%         9d5       100%        7
 Spellforged Servitor     Conj/Summ      14%        N/A       100%        7


Dungeon Overview and Level Annotations

Branches:
Dungeon (11/15) Zot: 2685    Lair (2/5) D:11 Zot: 695   Snake (3/4) Lair:2 Zot: 435
Ossuary (visited)          Bailey (visited)         Gauntlet (visited)
 Temple: D:4-7        Swamp: Lair:2-3    Shoals: Lair:2-3       Orc: D:9-12

Altars:
Ashenzari
Kikubaaqudgha
Qazlal
Ru
Uskayaw
Wu Jian
Yredelemnul
The Shining One

Annotations:
D:8 Gastronok
Snake:2 Frances


Innate Abilities, Weirdness & Mutations

You passively map the area around you.
You are easily found by Zot.
You glow in the dark.
You regain HP and MP as you explore.


Message History

The salamander hits you but does no damage.
The anaconda bites you but does no damage.
The anaconda constricts you.
You bludgeon the anaconda!!
Your weapon exudes an aura of protection.
You kill the anaconda!
The salamander hits you but does no damage.
Your base Staves skill increases to level 16!
You barely miss the naga sharpshooter. The salamander closely misses you.
You bludgeon the naga sharpshooter!!
The naga sharpshooter is moderately wounded.
You bludgeon the naga sharpshooter!!
The naga sharpshooter is severely wounded.
The naga sharpshooter shoots an arrow.
The arrow hits you.
* * * LOW HITPOINT WARNING * * *
The salamander hits you with a +0 spear.
* * * LOW HITPOINT WARNING * * *
You are engulfed in flames!
* * * LOW HITPOINT WARNING * * *
You feel better.
The naga sharpshooter spits poison at you.
The splash of poison hits you but does no damage.
You are poisoned.
You feel sick.
The naga sharpshooter shoots an arrow.
The arrow completely misses you.
The salamander hits you but does no damage.
The naga sharpshooter gestures wildly while chanting.
The naga sharpshooter magically shoots a bolt.
The bolt hits you!!
* * * LOW HITPOINT WARNING * * *
You climb downwards.
Level annotation: Frances
* * * LOW HITPOINT WARNING * * *
You feel sick.
There is a stone staircase leading up here.
You feel better.
The naga sharpshooter gestures wildly while chanting.
The naga sharpshooter magically shoots an arrow.
The arrow hits you!
You die...

?.* , , * *,,** * ,
, # * , , ** * ,, **
* *{ ** , ,* * * *
*,* *, , ∆{** * * ,,
* , { ** ,* *,
*#S.#. *, ## * *
,.S.##### * .# * **
,.####..N##* * * .##
.###..)N@.#. ** ,
..# *
*.##........#.∆ * ,
*
..#######..[..######
, **,
............###.#>..
,,, #....♣....#####.
,,,, * *,
##.......#### * *
,,,,,,* ,*
##.♣...♣.###
*,,*,,,**, *
##.......## *, , ,*
, * * #....♣....#*
*,* ,


You could see a naga sharpshooter (catching breath) and a salamander.

Vanquished Creatures
  A hydra (Lair:2)
  5 two-headed ogres
  5 anacondas
  3 naga warriors
  4 death yaks (Lair:2)
  4 shock serpents
  2 naga sharpshooters (Snake:1)
  A naga ritualist (Snake:1)
  4 mana vipers (Snake:1)
  An orc knight (Bailey)
  A moth of wrath (Gauntlet)
  8 black mambas
  2 naga magi (Snake:2)
  6 cane toads (Lair:2)
  4 komodo dragons
  2 trolls
  Grinder (D:6)
  A hornet (D:6)
  Prince Ribbit (D:6)
  3 wyverns
  4 yaks (D:9)
  A basilisk (D:11)
  7 vampire mosquitoes
  Eustachio (D:4)
  5 nagas
  Edmund (D:5)
  An acid dragon (D:11)
  A small abomination (Gauntlet)
  3 water moccasins
  Duvessa (D:4)
  2 ice beasts (D:8)
  8 orc warriors
  A sky beast (D:6)
  6 wolves
  A centaur (D:7)
  2 ogres
  2 phantoms (D:5)
  8 bullfrogs
  A wyvern zombie (D:6)
  A necrophage (D:6)
  A scorpion (D:6)
  4 water moccasin zombies
  5 wights
  5 killer bees (D:8)
  Dowan (D:4)
  4 centaur zombies (D:6)
  A bullfrog zombie (D:6)
  2 hounds
  A jelly (D:6)
  A human zombie (D:6)
  5 orc priests
  Jessica (D:2)
  4 iguanas
  11 orc wizards
  3 mummies
  A gnoll (D:1)
  A howler monkey zombie (D:6)
  6 adders
  2 white imps (D:6)
  3 adder zombies (Ossuary)
  44 orcs
  5 ball pythons
  5 endoplasms
  3 giant cockroaches
  7 goblins
  2 hobgoblins
  6 jackals
  4 kobolds
  4 quokkas
  5 bats
  4 frilled lizards
  3 gnoll zombies (Ossuary)
  5 hobgoblin zombies (Ossuary)
  5 kobold zombies (Ossuary)
  4 orc zombies (Ossuary)
  A rat (D:2)
285 creatures vanquished.

Vanquished Creatures (others)
  A human (D:10)
  A plant (Lair:2)
2 creatures vanquished.

Grand Total: 287 creatures vanquished

Notes
Turn   | Place    | Note
-------+----------+-------------------------------------------
     0 | D:1      | kingsuperguy the Meteoran Fighter began the quest for the
                  | Orb.
     0 | D:1      | Reached XP level 1. HP: 19/19 MP: 2/2
   180 | D:1      | Reached XP level 2. HP: 20/26 MP: 3/3
   295 | D:1      | Reached XP level 3. HP: 10/33 MP: 4/4
   347 | D:2      | Noticed Jessica
   356 | D:2      | Killed Jessica
   357 | D:2      | Reached XP level 4. HP: 11/40 MP: 5/5
   475 | D:2      | Reached XP level 5. HP: 46/46 MP: 6/6
   663 | D:2      | Reached skill level 1 in Dodging
   989 | D:3      | Reached skill level 1 in Spellcasting
   989 | D:3      | Reached XP level 6. HP: 27/52 MP: 8/8
  1033 | D:3      | Found a glowing golden altar of the Shining One.
  1033 | D:3      | Found a broken altar of Ashenzari.
  1040 | D:3      | Became a worshipper of Ashenzari the Shackled
  1097 | D:4      | Noticed Dowan
  1098 | D:4      | Noticed Duvessa
  1185 | D:4      | Found the +7 staff of the Meek {protect, meekguard}
  1233 | D:4      | Noticed Eustachio
  1253 | D:4      | Found a sand-covered staircase.
  1258 | Ossuary  | Entered an ossuary
  1285 | Ossuary  | Reached skill level 5 in Maces & Flails
  1285 | Ossuary  | Reached skill level 1 in Summonings
  1372 | Ossuary  | Reached skill level 1 in Staves
  1372 | Ossuary  | Reached XP level 7. HP: 59/59 MP: 11/11
  1376 | Ossuary  | Reached skill level 2 in Staves
  1442 | D:4      | Killed Eustachio
  1443 | D:4      | Reached skill level 3 in Staves
  1474 | D:4      | Killed Duvessa
  1475 | D:4      | Reached XP level 8. HP: 48/67 MP: 13/13
  1488 | D:4      | Killed Dowan
  1519 | D:5      | Entered Level 5 of the Dungeon
  1538 | D:5      | Reached skill level 4 in Staves
  1582 | D:5      | Noticed Edmund
  1603 | D:5      | Killed Edmund
  1604 | D:5      | Reached skill level 5 in Armour
  1633 | D:5      | Reached skill level 5 in Staves
  1667 | D:5      | Reached * piety under Ashenzari
  1756 | D:6      | Gained mutation: You passively map the area around you.
                  | [Meteoran growth]
  1756 | D:6      | Reached XP level 9. HP: 56/73 MP: 16/16
  1760 | D:6      | Reached skill level 5 in Spellcasting
  1784 | D:6      | Reached skill level 6 in Staves
  1811 | D:6      | Reached skill level 5 in Fighting
  1860 | D:6      | Noticed Grinder
  1878 | D:6      | Killed Grinder
  1897 | D:6      | Reached skill level 7 in Staves
  1897 | D:6      | Reached skill level 5 in Summonings
  1906 | D:6      | Found a basalt altar of Yredelemnul.
  2072 | D:6      | Reached XP level 10. HP: 81/81 MP: 20/20
  2081 | D:6      | Noticed Prince Ribbit
  2091 | D:6      | Killed Prince Ribbit
  2092 | D:6      | Reached skill level 8 in Staves
  2229 | D:7      | Found an ornate altar of the Wu Jian Council.
  2293 | D:7      | Found a hide-covered altar of Uskayaw.
  2309 | D:7      | Identified the +1 quarterstaff of Excruciating Pain
                  | {vorpal, rC+}
  2313 | D:7      | Reached ** piety under Ashenzari
  2391 | D:7      | Reached skill level 9 in Staves
  2437 | D:7      | Found a stormy altar of Qazlal.
  2737 | D:8      | Noticed a two-headed ogre
  2750 | D:8      | Killed a two-headed ogre
  2751 | D:8      | Reached skill level 10 in Staves
  2903 | D:8      | Noticed Gastronok
  2972 | D:8      | Found a sacrificial altar of Ru.
  2980 | D:8      | Reached XP level 11. HP: 75/92 MP: 24/24
  3057 | D:9      | Noticed a two-headed ogre
  3057 | D:9      | Noticed a two-headed ogre
  3064 | D:9      | Killed a two-headed ogre
  3072 | D:9      | Killed a two-headed ogre
  3073 | D:9      | Reached skill level 11 in Staves
  3276 | D:10     | Entered Level 10 of the Dungeon
  3304 | D:10     | Found a flagged portal.
  3321 | D:10     | Reached *** piety under Ashenzari
  3323 | Bailey   | Entered a bailey
  3504 | Bailey   | Reached skill level 12 in Staves
  3562 | Bailey   | Reached skill level 13 in Staves
  3562 | Bailey   | Reached XP level 12. HP: 49/105 MP: 25/28
  3770 | Bailey   | Identified a scroll of acquirement
  3770 | Bailey   | Noticed an orc knight
  3786 | Bailey   | Killed an orc knight
  4034 | D:10     | Found an ancient bone altar of Kikubaaqudgha.
  4079 | D:10     | Noticed a two-headed ogre
  4083 | D:10     | Killed a two-headed ogre
  4376 | D:11     | Reached **** piety under Ashenzari
  4456 | D:11     | Found a gate leading to a gauntlet.
  4465 | Gauntlet | Entered a Gauntlet
  4465 | Gauntlet | Found a transporter.
  4465 | Gauntlet | Found a transporter.
  4466 | Gauntlet | Found a transporter.
  4466 | Gauntlet | Noticed a wizard
  4469 | Gauntlet | Found a transporter.
  4469 | Gauntlet | Found a transporter.
  4469 | Gauntlet | Found a transporter.
  4476 | Gauntlet | Learned a level 2 spell: Call Imp
  4480 | Gauntlet | Learned a level 3 spell: Call Canine Familiar
  4487 | Gauntlet | Found a transporter.
  4491 | Gauntlet | Found a transporter.
  4493 | Gauntlet | Noticed a green death
  4499 | Gauntlet | Found a transporter.
  4499 | Gauntlet | Found a transporter.
  4507 | Gauntlet | Found a transporter.
  4587 | Gauntlet | Reached skill level 1 in Poison Magic
  4587 | Gauntlet | Reached XP level 13. HP: 55/113 MP: 29/29
  4708 | Gauntlet | Reached skill level 14 in Staves
  4708 | Gauntlet | Reached skill level 10 in Spellcasting
  4708 | Gauntlet | Reached XP level 14. HP: 95/124 MP: 29/31
  4979 | Gauntlet | Glimpsed the power of Zot.
  4998 | Gauntlet | Found a transporter.
  5005 | Gauntlet | Identified the +0 cloak of Tanweq {rCorr Int-5 Dex+8 SInv}
  5011 | Gauntlet | Identified the ring "Mialohos" {rC+ Str+6 Int+4}
  5011 | Gauntlet | Noticed a minotaur
  5032 | Gauntlet | Identified the +5 ring mail of Viahuf {rF- Regen+ Str+6}
  5172 | D:11     | Found a staircase to the Lair.
  5188 | Lair:1   | Entered Level 1 of the Lair of Beasts
  5265 | Lair:2   | Reached skill level 10 in Armour
  5455 | Lair:2   | Reached skill level 15 in Staves
  5481 | Lair:2   | Reached skill level 10 in Fighting
  5508 | Lair:2   | Reached skill level 5 in Poison Magic
  5518 | Lair:2   | Found a staircase to the Snake Pit.
  5743 | Snake:1  | Entered Level 1 of the Snake Pit
  5844 | Snake:2  | Identified the cursed +0 cloak of Cremastomancy {Elem,
                  | Bglg} (You found it on level 2 of the Dungeon)
  5844 | Snake:2  | Identified the cursed +1 helmet "Revealing Paranoia"
                  | {Int+3, Bglg, Self} (You found it in a Gauntlet)
  5844 | Snake:2  | Identified the cursed +0 pair of boots "Sibylline Chagrin"
                  | {Comp, Melee} (You found it on level 1 of the Dungeon)
  5844 | Snake:2  | Identified the cursed +0 plate armour of Supernal
                  | Understanding {Cun, Range} (You found it on level 3 of the
                  | Dungeon)
  5940 | Snake:2  | Noticed Frances
  6440 | Snake:1  | HP: 6/132 [naga sharpshooter/bolt (9)]
  6482 | Snake:1  | Reached XP level 15. HP: 136/138 MP: 34/34
  6531 | Snake:1  | Acquired a book of Dangerous Friends
  7192 | Snake:1  | Reached skill level 16 in Staves
  7196 | Snake:1  | HP: 3/139 [naga sharpshooter/bolt (13)]
  7197 | Snake:2  | HP: 1/139 [poisoned by a naga sharpshooter (splash of
                  | poison)]
  7198 | Snake:2  | Shot with an arrow by a naga sharpshooter

Illustrated notes

Levels and vault maps discovered:
D:1:      sevenhm_arrival_forest_fort_small_3, layout_basic, serial_aquarium,
          aquarium_bridge_long_separate [aquarium_subvault_bridge,
          aquarium_subvault_bridge, aquarium_subvault_bridge,
          aquarium_subvault_window, aquarium_subvault_wall,
          aquarium_subvault_bridge], aquarium_window_corridor_1,
          aquarium_window_corner, aquarium_window_fake, aquarium_window_2,
          aquarium_view_2a, aquarium_view_2f, aquarium_pool_corner,
          hellmonk_ecumenical_altar_arch_garden, minmay_worlds_worst_comb
D:2:      layout_loops_ring, uniq_jessica
D:3:      layout_basic, nicolae_overflow_two_pavilions
D:4:      layout_loops_ring, nicolae_dithmenos_through_a_glass_darkly,
          temple_green, enter_ossuary_2, kennysheep_orc_chapel, uniq_eustachio,
          uniq_natasha, uniq_duvessa, uniq_menkaure
D:5:      layout_basic, uniq_edmund
D:6:      minmay_flawed_box, layout_loops_cross, slow_altar_2,
          mainiacjoe_overflow_tiny_flanked, lemuel_mausoleum_altar_yredelemnul,
          uniq_grinder, uniq_prince_ribbit1
D:7:      layout_rooms, mainiacjoe_overflow_surrounded_room,
          nicolae_qazlal_general_emergency, nzn_wu_jian_council_hall,
          nicolae_sextant
D:8:      layout_basic, mainiacjoe_overflow_small_starburst, uniq_gastronok
D:9:      layout_basic
D:10:     layout_basic, tgw_kikubaaqudgha, enter_bailey_5,
          eino_house_with_fridge
D:11:     layout_small_grid, erik_lair_dragon, gauntlet_entry_generic,
          gammafunk_ghost_necromancy
Lair:1:   layout_regular_city, basic_altar, nicolae_lair_grazing_beasts
          [nicolae_sub_lair_graze_edge, nicolae_sub_lair_graze_edge,
          nicolae_sub_lair_graze_edge, nicolae_sub_lair_graze_edge],
          serial_bayou_shore_a, grunt_megastairs_5, infiniplex_staircase_pool,
          uniq_maggie
Lair:2:   layout_big_grid, guppyfry_snake_entry_island
Snake:1:  nicolae_snake_crotalidae_crossing, layout_basic
Snake:2:  layout_rooms, grunt_megastairs_4, uniq_frances, uniq_saint_roka
Snake:3:  layout_layer_cave

Skill      XL: |  1  2  3  4  5  6  7  8  9 10 11 12 13 14 15 |
---------------+----------------------------------------------+-----
Maces & Flails | 3 4 5 |  5.2
Armour         | 4 5 7 8 9 11 | 11.6
Shields        | 4 |  4.6
Dodging        | 1 2 4 |  4.5
Fighting       | 4 5 6 7 8 9 11 | 11.7
Spellcasting   | 1 2 3 4 6 7 9 10 11 | 11.9
Summonings     | 1 2 4 5 7 9 |  9.6
Staves         | 1 3 5 7 10 13 14 15 16 | 16.0
Poison Magic   | 1 4 5 6 |  6.4
Transmutations | 2 |  2.7
Throwing       | |  0.2
Stealth        | |  0.1
Unarmed Combat | |  0.4
Evocations     | |  0.6

Action                   |  1- 3 |  4- 6 |  7- 9 | 10-12 | 13-15 || total
-------------------------+-------+-------+-------+-------+-------++-------
Melee: Flail             |    54 |   173 |       |       |       ||   227
       Quarterstaff      |       |    55 |   203 |   370 |   375 ||  1003
       Unarmed           |       |     8 |       |       |       ||     8
Throw: Dart              |       |       |       |       |     4 ||     4
 Cast: Call Imp          |       |       |       |       |     6 ||     6
       Call Canine Famil |       |       |       |       |     3 ||     3
Invok: Curse Item        |       |       |     1 |     5 |     1 ||     7
       Shatter the Chain |       |       |       |       |     1 ||     1
Evoke: Lightning rod     |       |       |       |       |     2 ||     2
       Wand              |       |       |       |       |     2 ||     2
  Use: Potion            |     1 |     2 |       |     5 |    15 ||    23
       Scroll            |       |       |       |     4 |     6 ||    10
Armor: Scale mail        |    39 |    51 |       |       |       ||    90
       Plate armour      |       |   182 |   154 |   235 |   208 ||   779
       Skin              |       |       |       |       |     9 ||     9
Dodge: Dodged            |    21 |   103 |    67 |   211 |   175 ||   577
Block: Buckler           |    19 |    70 |       |       |       ||    89
